 Dungeon Crawl Stone Soup version 0.21-a0-52-gbf49515 (webtiles) character file.

435 KristoblXynda the Shield-Bearer (level 6, 0/76 HPs)
             Began as a Draconian Fighter on June 13, 2017.
             Succumbed to an orc wizard's poison
             ... on level 5 of the Dungeon.
             The game lasted 00:07:30 (4360 turns).

KristoblXynda the Shield-Bearer (Draconian Fighter) Turns: 4360, Time: 00:07:31

Health: 0/76       AC:  6    Str: 24    XL:     6   Next: 68%
Magic:  1/6        EV: 11    Int: 10    God:
Gold:   79         SH: 10    Dex: 10    Spells: 5/5 levels left

rFire    . . .     SeeInvis .   a - +1 long sword
rCold    . . .     Gourm    .   b - +0 shield
rNeg     . . .     Faith    .   (armour unavailable)
rPois    .         Spirit   +   (helmet restricted)
rElec    .         Reflect  .   r - scarf {Spirit}
rCorr    .         Harm     .   (no gloves)
MR       .....                  (no boots)
Stlth    ..........             s - amulet of rage
Regen    0.3/turn               z - ring of stealth
MPRegen  0.1/turn               (no ring)

@: berserking, lethally poisoned (0 -> -31), very quick
A: unfitting armour, cold-blooded, AC +6
a: Evoke Berserk Rage


You were on level 5 of the Dungeon.
You were very hungry.

You visited 1 branch of the dungeon, and saw 5 of its levels.

You collected 183 gold pieces.
You spent 104 gold pieces at shops.

Inventory:

Hand Weapons
 a - a +1 long sword (weapon)
Missiles
 g - 3 throwing nets (quivered)
Armour
 b - a +0 shield (worn)
 o - a scarf of cloud immunity
 r - a scarf of spirit shield (worn)
 y - a scarf of resistance
Jewellery
 s - an amulet of rage (around neck)
 z - a ring of stealth (left hand)
 B - an uncursed amulet of guardian spirit {unknown}
Wands
 j - a wand of digging (12/24)
Scrolls
 i - 2 scrolls of remove curse
 k - 2 scrolls of teleportation {unknown}
 p - a scroll of amnesia {unknown}
 q - a scroll of fear {unknown}
 u - a scroll of enchant armour {unknown}
 x - 2 scrolls of noise {unknown}
 A - 3 scrolls of random uselessness {unknown}
Potions
 c - a potion of might
 e - 4 potions of brilliance
 h - a potion of agility {unknown}
 l - 4 potions of curing
 n - a potion of haste
 t - a potion of lignification {unknown}
 w - a potion of heal wounds {unknown}
Comestibles
 d - 4 bread rations
 f - 6 royal jellies
 m - a fruit
 v - 3 meat rations
 C - a chunk of flesh


   Skills:
 - Level 3.2 Fighting
 + Level 4.6 Long Blades
 + Level 4.5 Dodging
 + Level 4.8 Shields


You had 5 spell levels left.
You didn't know any spells.

Dungeon Overview and Level Annotations

Branches:
Dungeon (5/15)
 Temple: D:4-7

Altars:
Hepliaklqana
Kikubaaqudgha
Nemelex Xobeh

Shops:
D:4 ?

Annotations:
D:4 Pikel


Innate Abilities, Weirdness & Mutations

Your plain brown scales are hard. (AC +6)
You cannot fit into any form of body armour.
You are cold-blooded and may be slowed by cold attacks.


Message History

The orc priest mumbles some strange prayers to Beogh against you.
You barely resist. You barely miss the orc priest.
You tail-slap the orc priest.
You kill the orc priest!
* * * LOW HITPOINT WARNING * * *
You feel sick.
The orc wizard hits you with a dagger of venom.
* * * LOW HITPOINT WARNING * * *
You are more poisoned.
The orc hits you but does no damage.
You barely miss the orc wizard.
* * * LOW HITPOINT WARNING * * *
You feel sick. The orc wizard casts a spell at you. The magic dart hits you!
* * * LOW HITPOINT WARNING * * *
You block the orc's attack.
You slash the orc wizard!
The orc wizard is severely wounded.
You die...

####. ##....#######
#....%#.....#
#...........#
#...........##
#.(....$..$..#....
#.....)oo....#...# .
#@.....#...##. ..
#...$.##..... .
...##.....##...# ..
#..........##...##...
....................
................#
................##
.................#
#...##...)รท##....#


You could see an orc wizard and an orc.

Vanquished Creatures
  An ogre (D:5)
  A scorpion (D:4)
  A hound (D:4)
  Crazy Yiuf (D:4)
  2 orc priests
  Ijyb (D:3)
  3 gnolls (D:4)
  6 adders
  An adder skeleton (D:4)
  3 dart slugs
  6 orcs
  6 bats
  3 giant cockroaches
  4 goblins
  5 hobgoblins
  5 jackals
  9 kobolds
  4 frilled lizards
  A jackal skeleton (D:4)
  11 rats
74 creatures vanquished.

Notes
Turn   | Place    | Note
-------+----------+-------------------------------------------
     0 | D:1      | KristoblXynda the Draconian Fighter began the quest for the Orb.
     0 | D:1      | Reached XP level 1. HP: 19/19 MP: 1/1
   127 | D:1      | Reached XP level 2. HP: 13/26 MP: 2/2
   964 | D:1      | Reached XP level 3. HP: 31/31 MP: 3/3
  1438 | D:2      | Found a hazy altar of Hepliaklqana.
  1706 | D:2      | Reached XP level 4. HP: 27/38 MP: 4/4
  2614 | D:3      | Found a sparkling altar of Nemelex Xobeh.
  2614 | D:3      | Found an ancient bone altar of Kikubaaqudgha.
  2654 | D:3      | Noticed Ijyb
  2667 | D:3      | Killed Ijyb
  3010 | D:4      | Reached XP level 5. HP: 39/45 MP: 5/5
  3478 | D:4      | Found Giggafor's Magic Scroll Shop.
  3499 | D:4      | Bought a scroll of enchant weapon for 82 gold pieces
  3499 | D:4      | Bought a scroll of identify for 22 gold pieces
  3615 | D:4      | Noticed a slave
  3616 | D:4      | Noticed a slave
  3617 | D:4      | Noticed Pikel
  3803 | D:4      | Reached XP level 6. HP: 8/51 MP: 0/6
  4121 | D:4      | Found a runed door.
  4125 | D:4      | Noticed Crazy Yiuf
  4137 | D:4      | Killed Crazy Yiuf
  4277 | D:5      | Entered Level 5 of the Dungeon
  4359 | D:5      | HP: 3/76 [orc wizard/magic dart (5)]
  4360 | D:5      | Succumbed to an orc wizard's poison

Vault maps used:
D:1:      dpeg_arrival_round_b, minmay_quantized
D:2:      lemuel_round_altar, serial_forest, infiniplex_forest_fountain,
          infiniplex_forest_clump_long, infiniplex_forest_lined_3_way,
          infiniplex_forest_end_1, infiniplex_forest_straight_2,
          infiniplex_forest_clump_long, infiniplex_forest_straight_1,
          infiniplex_forest_clump_C
D:3:      gammafunk_temple_overflow_elements, first_bread,
          kennysheep_small_spiral, uniq_ijyb
D:4:      serial_shops, shop_scrolls, uniq_crazy_yiuf_cottage, uniq_pikel
D:5:      uniq_menkaure

Skill      XL: |  1  2  3  4  5 |
---------------+----------------+-----
Dodging        | 3 4 |  4.5
Long Blades    | 3 4 |  4.6
Shields        | 4 |  4.8
Fighting       | |  3.2

Action                   |  1- 3 |  4- 6 || total
-------------------------+-------+-------++-------
Melee: Long sword        |   106 |   136 ||   242
       Tailslap          |     9 |    16 ||    25
 Abil: Evoke Berserk Rag |       |     1 ||     1
  Use: Scroll            |       |     6 ||     6
  Eat: Chunk             |     3 |     7 ||    10
       Fruit             |       |     1 ||     1
Armor: Skin              |    38 |    38 ||    76
Dodge: Dodged            |    52 |    60 ||   112
Block: Shield            |    53 |    70 ||   123
       Rpst.: Long sword |    16 |    14 ||    30
